Map: Ruins of Seras

Players

SpitFire

  • Race: Zerg Zerg
  • League: Silver

Chris (MCanning) - Winner!

  • Race: Protoss Protoss

VOD

Have the link to the VOD?

Description

Time

  • Played on: Nov. 10, 2015, 11:51 p.m.
  • Length: 7:42
Show
View Real Time Build Order
Export as new Build Order

SpitFire Zerg 

Build Orders: Pool First 

Get SALT Encoding   

  12  0:01  Drone  
  13  0:10  Drone  
  14  0:18  Overlord  
  14  0:36  Spawning Pool  
  14  0:40  Drone  
  14  0:45  Drone  
  14  0:47  Drone  
  16  1:13  Hatchery  
  15  1:19  Drone x2  
  15  1:24  Extractor  
  16  1:31  Queen  
  18  1:37  Drone  
  19  1:40  Drone  
  19  1:44  Drone  
  21  1:59  Drone  
  22  2:05  Overlord  
  22  2:23  Queen  
  22  2:25  Overlord  
  22  2:26  Queen  
  22  2:28  Drone  
  27  2:37  Drone x2  
  27  2:38  Drone  
  30  2:46  Drone x2  
  30  2:47  Drone  
  30  2:50  Drone  
  34  2:53  Drone  
  35  3:03  Lair  
  35  3:05  Drone  
  36  3:08  Drone x2  
  38  3:13  Overlord  
  38  3:16  Zergling x2  
  39  3:26  Overlord  
  39  3:27  Drone x3  
  42  3:36  Metabolic Boost  
  42  3:40  Drone  
  43  3:41  Roach Warren  
  43  3:44  Drone  
  43  3:45  Drone x2, Extractor  
  43  3:46  Drone  
  45  3:51  Drone, Extractor  
  45  3:52  Drone, Extractor  
  45  3:55  Drone  
  46  3:57  Drone x2  
  46  4:00  Drone  
  49  4:16  Drone x2  
  51  4:22  Glial Reconstitution  
  51  4:26  Roach  
  51  4:27  Roach  
  55  4:45  Evolution Chamber, Drone x2  
  56  4:46  Evolution Chamber  
  56  4:51  Pneumatized Carapace  
  55  4:55  Roach  
  55  4:56  Roach  
  55  4:57  Overlord x4  
  59  5:03  Overlord x2  
  59  5:04  Overlord  
  59  5:11  Zerg Missile Weapons Level 1  
  59  5:12  Zerg Ground Armor Level 1  
  59  5:36  Roach  
  59  5:37  Roach x5  
  71  5:54  Roach  
  71  5:55  Roach x5  
  83  6:06  Roach x2  
  87  6:24  Overseer  
  85  6:36  Roach x3  
  81  6:44  Overseer  
Show
View Real Time Build Order
Export as new Build Order

Chris Protoss - Winner!

Build Orders: Nexus First 

Get SALT Encoding   

  12  0:01  Probe (Chrono Boost)  
  13  0:12  Probe (Chrono Boost)  
  14  0:19  Pylon  
  14  0:22  Probe (Chrono Boost)  
  15  0:37  Probe (Chrono Boost)  
  16  0:48  Probe (Chrono Boost)  
  17  1:00  Nexus  
  17  1:10  Gateway  
  17  1:13  Probe (Chrono Boost)  
  18  1:23  Assimilator  
  18  1:24  Probe (Chrono Boost)  
  19  1:28  Assimilator  
  19  1:34  Probe (Chrono Boost)  
  20  1:45  Probe (Chrono Boost)  
  20  1:46  Pylon  
  21  1:55  Probe (Chrono Boost)  
  22  2:06  Cybernetics Core, Probe (Chrono Boost)  
  23  2:10  Zealot  
  23  2:15  Probe (Chrono Boost)  
  26  2:16  Probe (Chrono Boost)  
  27  2:26  Probe (Chrono Boost)  
  27  2:27  Probe (Chrono Boost)  
  29  2:33  Pylon  
  29  2:36  Probe (Chrono Boost)  
  30  2:38  Probe (Chrono Boost)  
  31  2:46  Stalker  
  31  2:49  Mothership Core (Chrono Boost)  
  35  2:52  Warp Gate  
  35  2:53  Probe (Chrono Boost)  
  36  3:04  Probe (Chrono Boost)  
  37  3:08  Probe (Chrono Boost)  
  37  3:09  Pylon  
  38  3:15  Probe (Chrono Boost)  
  38  3:19  Probe (Chrono Boost)  
  40  3:25  Probe (Chrono Boost)  
  40  3:26  Gateway  
  41  3:28  Twilight Council  
  41  3:30  Probe (Chrono Boost)  
  42  3:34  Gateway  
  42  3:39  Sentry  
  44  3:42  Probe (Chrono Boost)  
  44  3:44  Probe (Chrono Boost), Pylon  
  46  3:52  Probe (Chrono Boost)  
  46  3:55  Probe (Chrono Boost)  
  48  4:03  Probe (Chrono Boost)  
  48  4:04  Dark Shrine  
  48  4:05  Probe (Chrono Boost), Pylon  
  48  4:07  Assimilator  
  50  4:11  Assimilator  
  50  4:13  Probe (Chrono Boost)  
  50  4:16  Probe (Chrono Boost)  
  52  4:25  Gateway  
  52  4:26  Gateway  
  52  4:28  Gateway  
  52  4:31  Probe (Chrono Boost)  
  52  4:35  Gateway  
  52  4:37  Probe (Chrono Boost)  
  54  4:47  Gateway  
  54  4:48  Gateway  
  54  4:52  Probe (Chrono Boost)  
  55  4:59  Probe (Chrono Boost)  
  56  5:06  Pylon  
  56  5:08  Robotics Facility  
  56  5:10  Pylon  
  56  5:13  Probe (Chrono Boost)  
  57  5:17  Pylon  
  57  5:22  Probe (Chrono Boost)  
  58  5:45  Dark Templar x5  
  58  5:46  Dark Templar x3  
  74  5:57  Dark Templar  
  76  6:07  Immortal (Chrono Boost)  
  76  6:10  Pylon  
  80  6:13  Pylon  
  80  6:24  Stalker x3  
  86  6:32  Stalker x2  
  88  6:35  Probe  
  88  6:38  Pylon  
  88  6:39  Pylon  
  91  6:44  Immortal (Chrono Boost)  
  93  6:52  Stalker x2  
  93  6:53  Stalker  
  99  6:55  Zealot  
  101  7:02  Probe  
  101  7:06  Probe  
  103  7:09  Pylon  
  103  7:11  Pylon x2  
  100  7:25  Stalker x4  
Tags
 
Add a new tag
Caveats
  • Supply blocks, unpowered buildings, or Contaminate may cause inaccurate times.
  • Supply counts are checked every 10 seconds.